 Dungeon Crawl Stone Soup version 0.17-a0-1949-g1acca9a (webtiles) character file.

2044 Ordine the Cruncher (level 9, -15/68 HPs)
             Began as a Minotaur Gladiator on Oct 2, 2015.
             Demolished by an ogre
             ... wielding a +0 giant spiked club
              (16 damage)
             ... on level 6 of the Dungeon.
             The game lasted 00:14:54 (4899 turns).

Ordine the Cruncher (Minotaur Gladiator)            Turns: 4899, Time: 00:14:54

Health: -15/68     AC:  9    Str: 22    XL:     9   Next: 4%
Magic:  8/8        EV:  9    Int:  5    God:
Gold:   222        SH:  0    Dex: 15    Spells: 0 memorised, 8 levels left

rFire  + . .     SeeInvis .     a - +0 quarterstaff
rCold  + . .     Clarity  .     r - +0 chain mail
rNeg   . . .     SustAt   .     (no shield)
rPois  .         Gourm    .     c - +0 hat
rElec  .         Spirit   .     E - +0 cloak
rCorr  .         Warding  .     (no gloves)
rMut   .         Stasis   .     (no boots)
MR     .....                    (no amulet)
Stlth  ..........               (no ring)
                                b - ring of Hocles {rF+ rC+ Str+3}

@: confused, not resistant to hostile enchantments, extremely unstealthy
A: retaliatory headbutt, horns 2
a: no special abilities


You were on level 6 of the Dungeon.
You were not hungry.

You visited 1 branch of the dungeon, and saw 6 of its levels.
You also visited: Sewer.

You collected 222 gold pieces.

Inventory:

Hand weapons
 a - a +0 quarterstaff (weapon)
Missiles
 d - 4 throwing nets (quivered)
Armour
 c - a +0 hat (worn)
 r - a +0 chain mail (worn)
 E - a +0 cloak (worn)
Jewellery
 b - the ring of Hocles (left hand) {rF+ rC+ Str+3}
   (You found it on level 4 of the Dungeon)

   [ring of protection from cold]

   It affects your strength (+3).
   It protects you from fire.
   It protects you from cold.
Magical devices
 i - a wand of fire (5)
 l - a wand of teleportation (6)
 u - a wand of disintegration (15)
 w - a wand of draining (11)
Scrolls
 k - a scroll of fog
 t - 2 scrolls of remove curse
 y - 2 scrolls of blinking
 C - a scroll of fear
Potions
 g - a potion of ambrosia
 h - 2 potions of magic
 m - a potion of agility
 n - a potion of resistance {unknown}
 s - a potion of mutation {unknown}
 v - 2 potions of heal wounds {unknown}
 x - a potion of might
 z - 2 potions of poison {unknown}
 A - a potion of cure mutation {unknown}
 B - a potion of curing
Books
 f - a book of Unlife

   Spells                             Type                      Level
   a - Recall                         Summoning/Translocation      3
   b - Animate Dead                   Necromancy                   4
   c - Control Undead                 Necromancy                   4
   d - Cigotuvi's Embrace             Necromancy                   5
   e - Death Channel                  Necromancy                   6
   f - Simulacrum                     Ice/Necromancy               6
Comestibles
 e - 2 bread rations
 j - 5 fruits
 o - 2 beef jerkies
 p - 3 meat rations
 q - a royal jelly
 D - 5 chunks of flesh


   Skills:
 - Level 2.4 Fighting
 + Level 13.9 Staves
 - Level 2.0 Throwing
 - Level 3.2 Dodging


You had 8 spell levels left.
You didn't know any spells.

Dungeon Overview and Level Annotations

Branches:
Dungeon (6/15)
 Temple: D:4-7

Altars:
Trog

Shops:
D:5 (


Innate Abilities, Weirdness & Mutations

You reflexively headbutt those who attack you in melee.
You have a pair of horns on your head.


Message History

* * * LOW HITPOINT WARNING * * *
The wyvern skeleton barely misses you.
Drink which item? (? for menu, Esc to quit)
You are confused.
You feel invigorated. The ogre barely misses you.
The wyvern skeleton bites you but does no damage.
You're too confused to move!
The wyvern skeleton bites you but does no damage.
You closely miss the ogre. You headbutt the ogre.
The ogre is moderately wounded.
The wyvern skeleton closely misses you.
The ogre hits you with a giant spiked club!!
* * * LOW HITPOINT WARNING * * *
You hit the ogre. Your headbutt misses the ogre.
The ogre is moderately wounded.
The wyvern skeleton closely misses you.
You're too confused to move!
The wyvern skeleton bites you!
* * * LOW HITPOINT WARNING * * *
The ogre hits you with a giant spiked club!
You die...

#.. #.# #.###
+... #..# # #
#..# .# #
#..##..#. #
##@....... #
#####.ZO##.#..
#
#.......#.....
.
#.............
.
#......##...#.
##...........#
#..........#(#
#....#######...
#....# ..


You could see an ogre and a wyvern skeleton.

Vanquished Creatures
  Pikel (D:5)
  The ghost of SkyBlueFox the Changer, an experienced OpTm of Cheibriados (D:4)
  Sigmund (D:5)
  An ogre (D:4)
  A sky beast (D:5)
  2 big kobolds (Sewer)
  A giant frog zombie (D:5)
  A giant frog skeleton (D:6)
  A hound (D:4)
  7 orc wizards
  2 orc priests (D:6)
  2 iguanas
  A worker ant (D:6)
  A worker ant zombie (D:6)
  10 gnolls
  9 adders
  A river rat (D:6)
  A white imp (D:6)
  A shadow imp (D:6)
  8 oozes
  11 worms
  6 giant geckos
  22 orcs
  6 bats
  11 goblins
  8 hobgoblins
  17 jackals
  13 kobolds
  3 quokkas
  3 ball pythons
  6 giant cockroaches
  4 giant newts
  16 rats
179 creatures vanquished.

Vanquished Creatures (others)
  2 slaves (D:5)
  A centaur zombie (D:5)
  An orc priest (D:5)
  An orc wizard (D:5)
  An adder skeleton (D:5)
  An orc (D:5)
7 creatures vanquished.

Grand Total: 186 creatures vanquished

Notes
Turn   | Place    | Note
--------------------------------------------------------------
     0 | D:1      | Ordine the Minotaur Gladiator began the quest for the Orb.
     0 | D:1      | Reached XP level 1. HP: 18/18 MP: 0/0
    47 | D:1      | Reached skill level 4 in Staves
    90 | D:1      | Reached XP level 2. HP: 22/25 MP: 1/1
   280 | D:1      | Reached skill level 5 in Staves
   494 | D:2      | Reached XP level 3. HP: 28/30 MP: 2/2
   892 | D:2      | Reached XP level 4. HP: 20/37 MP: 3/3
  1057 | D:3      | Reached skill level 6 in Staves
  1350 | D:3      | Reached skill level 7 in Staves
  1350 | D:3      | Reached XP level 5. HP: 35/42 MP: 4/4
  1578 | D:3      | Found a faded altar to an unknown god.
  1671 | D:3      | Reached skill level 8 in Staves
  1790 | D:4      | Noticed SkyBlueFox's ghost (experienced OpTm)
  1794 | D:4      | Reached XP level 6. HP: 44/50 MP: 5/5
  1833 | D:4      | HP: 2/50 [SkyBlueFox's ghost (4)]
  1840 | D:4      | Killed SkyBlueFox's ghost
  1840 | D:4      | Reached skill level 9 in Staves
  1840 | D:4      | Reached XP level 7. HP: 14/56 MP: 6/6
  1845 | D:4      | Got a wavering wooden ring
  1846 | D:4      | Identified the ring of Hocles {rF+ rC+ Str+3} (You found it on level 4 of the Dungeon)
  2207 | D:4      | Noticed an ogre
  2215 | D:4      | Killed an ogre
  2215 | D:4      | Reached skill level 10 in Staves
  2783 | D:5      | Entered Level 5 of the Dungeon
  2986 | D:5      | Noticed Pikel
  3024 | D:5      | Killed Pikel
  3024 | D:5      | Reached skill level 12 in Staves
  3024 | D:5      | Reached XP level 8. HP: 9/62 MP: 7/7
  3309 | D:5      | Noticed Sigmund
  3316 | D:5      | Killed Sigmund
  3496 | D:5      | Found Copheokaosu's Weapon Boutique.
  3668 | D:5      | Found a bloodstained altar of Trog.
  4069 | D:6      | Reached skill level 13 in Staves
  4190 | D:6      | Found a glowing drain.
  4205 | Sewer    | Entered a sewer
  4753 | D:6      | Reached XP level 9. HP: 35/68 MP: 8/8
  4897 | D:6      | HP: 2/68 [ogre/giant spiked club (24)]
  4899 | D:6      | Demolished by an ogre

Vault maps used:
D:1:      mrwooster_arrival_statue
D:3:      first_bread, ecumenical_altar_2, minmay_goblin_outpost
D:5:      bloody_trog, serial_shops, kennysheep_mini, uniq_sigmund, uniq_pikel
D:6:      zin_scriptorium, slow_altar_1, portal_sewer_entry_b,
          minmay_fire_ice_demons
Sewer:    sewer_co_tree

Action                   |  1- 3 |  4- 6 |  7- 9 || total
-------------------------+-------+-------+-------++-------
Melee: Quarterstaff      |    71 |   157 |   308 ||   536
  Use: Scroll            |     9 |       |     4 ||    13
       Potion            |       |     3 |     2 ||     5
  Eat: Chunk             |       |     3 |     8 ||    11
       Fruit             |       |       |     1 ||     1
       Beef jerky        |       |       |     1 ||     1
